 Dungeon Crawl Stone Soup version 0.31-a0-246-g8cbcc1cb85 (webtiles) character file.

Game seed: 7256122617599479463

7209 Moby the Destroyer (level 10, -19/69 HPs)
             Began as a Grey Draconian Conjurer on July 12, 2023.
             Was a Priest of Vehumet.
             Demolished by a titanic slime creature (88 damage)
             ... on level 8 of the Dungeon.
             The game lasted 01:00:30 (12093 turns).

Moby the Destroyer (Grey Draconian Conjurer)       Turns: 12093, Time: 01:00:31

Health: -19/69     AC: 13    Str: 11    XL:     10   Next: 87%
Magic:  21/21      EV: 13    Int: 20    God:    Vehumet [***...]
Gold:   493        SH:  5    Dex: 11    Spells: 0/24 levels left

rFire   . . .        p - +6 spear (freeze)
rCold   . . .        (no shield)
rNeg    . . .        (body armour unavailable)
rPois   .            (helmet restricted)
rElec   .            (no cloak)
rCorr   .            (no gloves)
SInv    .            e - +0 pair of boots
Will    .....        y - amulet of reflection
Stlth   ++           (no ring)
HPRegen 0.31/turn    (no ring)
MPRegen 0.17/turn

%: reflection
@: no status effects
A: AC +12, amphibious, unfitting armour, cold-blooded
a: Renounce Religion


You were on level 8 of the Dungeon.
You worshipped Vehumet.
Vehumet was most pleased with you.
You visited 2 branches of the dungeon, and saw 9 of its levels.

You collected 493 gold pieces.

Inventory:

Hand Weapons
 p - a +6 spear of freezing (weapon)
Armour
 e - a +0 pair of boots (worn)
 A - the +1 buckler of Misanthropy {rElec rC- Slay+2}
   (You found it on level 6 of the Dungeon)

   Slay:      It affects your accuracy & damage with ranged weapons and melee
   (+2).
   rC:        It makes you vulnerable to cold.
   rElec:     It insulates you from electricity.
 D - a scarf of shadows
Jewellery
 y - an amulet of reflection (around neck)
Wands
 x - a wand of mindburst (11)
 B - a wand of charming (3)
Scrolls
 c - 2 scrolls of identify
 d - a scroll of teleportation
 f - a scroll of fear
 g - a scroll of vulnerability
 h - a scroll of enchant armour
 i - 2 scrolls of fog
 n - a scroll of torment
 r - a scroll of noise
 t - a scroll of revelation
 w - a scroll of enchant weapon
 z - a scroll of immolation {unknown}
 C - a scroll of poison
Potions
 a - a potion of magic
 b - a potion of degeneration
 k - 2 potions of brilliance
 l - 2 potions of resistance
 m - a potion of cancellation
 o - 2 potions of curing
 q - a potion of attraction
 s - a potion of ambrosia
 u - a potion of mutation


   Skills:
 - Level 5.0 Dodging
 - Level 2.0 Stealth
 * Level 7.7 Spellcasting
 - Level 12.5 Conjurations
 - Level 2.0 Hexes
 - Level 2.0 Translocations
 + Level 7.2 Earth Magic


You couldn't memorise any spells.
You knew the following spells:

 Your Spells              Type           Power      Damage    Failure   Level
a - Magic Dart            Conj           100%       1d8       1%          1
b - Searing Ray           Conj           100%       2d8       1%          2
c - Iskenderun's Mystic   Conj/Tloc      36%        2d9       1%          4
d - Dazzling Flash        Conj/Hex       72%        N/A       1%          3
e - Fulminant Prism       Conj/Hex       18%        3d10      1%          4
f - Momentum Strike       Conj/Tloc      72%        3d10      1%          2
g - Poisonous Vapours     Pois/Air       14%        N/A       3%          2
h - Ignite Poison         Fire/Tmut/Pois 7%         N/A       7%          3
i - Mephitic Cloud        Conj/Pois/Air  24%        N/A       1%          3

Your spell library contained the following spells:

 Spells                   Type           Power      Damage    Failure   Level
 Hailstorm                Conj/Ice       32%        3d8       1%          3
 Apportation              Tloc           30%        N/A       3%          1
 Irradiate                Conj/Tmut      16%        3d17      5%          5
 Blink                    Tloc           30%        N/A       6%          2
 Lesser Beckoning         Tloc           30%        N/A       6%          2
 Necrotise                Necr           28%        1d5       9%          1
 Sting                    Tmut/Pois      28%        1d4       9%          1
 Summon Small Mammal      Summ           28%        N/A       9%          1
 Wereblood                Tmut           7%         N/A       13%         2
 Summon Guardian Golem    Hex/Summ       11%        N/A       17%         3
 Olgreb's Toxic Radiance  Pois           7%         N/A       22%         4
 Call Canine Familiar     Summ           7%         N/A       26%         3
 Vampiric Draining        Necr           7%         2d6       26%         3
 Agony                    Necr           7%         N/A       94%         5
 Simulacrum               Ice/Necr       3%         N/A       100%        6


Dungeon Overview and Level Annotations

Branches:
Dungeon (8/15)             Temple (1/1) D:5            Lair (0/5) D:8

Altars:
Ashenzari
Elyvilon
Kikubaaqudgha
Makhleb
Nemelex Xobeh
Okawaru
Qazlal
Ru
Sif Muna
Trog
Uskayaw
Vehumet
Wu Jian
Xom
Yredelemnul
Zin
The Shining One

Shops:
D:8 (


Innate Abilities, Weirdness & Mutations

Your dull iron-grey scales are very hard. (AC +12)
You are amphibious.
You cannot fit into any form of body armour.
You are cold-blooded and may be slowed by cold attacks.


Message History

Two slime creatures merge to form an enormous slime creature.
Two slime creatures merge to form a titanic slime creature.
Your fulminant prism explodes!
The blast of energy engulfs the titanic slime creature!!
The titanic slime creature is moderately wounded.
You cannot move.
Unknown command.
Casting: Magic Dart (safe; 1% risk of failure)
Confirm with . or Enter, or press ? or * to list all spells.
You erupt in a blast of force!
The mystic blast hits the titanic slime creature!
The titanic slime creature is heavily wounded.
The titanic slime creature is knocked back by the mystic blast.
Unknown command.
Casting: Iskenderun's Mystic Blast (dangerous; 1% risk of failure)
Confirm with . or Enter, or press ? or * to list all spells.
Okay, then.
Casting: Iskenderun's Mystic Blast (dangerous; 1% risk of failure)
Confirm with . or Enter, or press ? or * to list all spells.
Aiming: Magic Dart (safe; 1% risk of failure)
Press: ? - help, Shift-Dir - straight line, f/p - titanic slime creature
Aim: a titanic slime creature (heavily wounded, 100% to hit)
Okay, then.
Casting: Magic Dart (safe; 1% risk of failure)
Confirm with . or Enter, or press ? or * to list all spells.
Aiming: Searing Ray (safe; 1% risk of failure)
Press: ? - help, Shift-Dir - straight line, f/p - titanic slime creature
Aim: a titanic slime creature (heavily wounded, 96% to hit)
The searing ray hits the titanic slime creature!
The titanic slime creature is heavily wounded. (Press . to maintain the ray.)
The searing ray hits the titanic slime creature.
The titanic slime creature is heavily wounded.
Without enough magic to sustain it, your searing ray dissipates.
You are no longer robbed of momentum.
The titanic slime creature attacks as you move away!
The titanic slime creature barely misses you.
Magic courses through your body. The titanic slime creature hits you!!!!
Ouch! That really hurt!
You die...

.........# #.# #......####.#.
..######.####.######......####.#.
### #...)...)...#.............
#####.#####.........###.#.
#.#####.........##....
#.##<...............#.
#.##.##..###...###.##.
#.##.##..####..# #.#<.
#....@J........# #.##.
####.########.####.##. #.#
#.....##.... #.# #.....###### #.#
#.....# # #.# #.....# # #####.###
#.....# # #∩......# ####### #
#.###.#.# #


You could see a titanic slime creature.

Vanquished Creatures
  Joseph (D:7)
  Maggie (D:8)
  Grinder (D:6)
  A hornet (D:8)
  Sigmund (D:2)
  2 wyverns (D:8)
  5 yaks
  A steam dragon (D:6)
  2 basilisks (D:8)
  Edmund (D:5)
  4 water moccasins
  2 black bears
  2 orc warriors
  4 sky beasts
  An ice beast (D:7)
  2 ogres
  2 centaurs
  A phantom (D:4)
  4 kobold brigands
  5 bullfrogs
  7 scorpions
  12 wights
  6 electric eels (D:5)
  2 jellies (D:6)
  5 hounds
  4 orc priests
  A gnoll bouda (D:6)
  5 iguanas
  Terence (D:3)
  3 sleepcaps
  Jessica (D:2)
  6 orc wizards
  9 gnolls
  11 adders
  A shadow imp (D:5)
  An ufetubus (D:5)
  2 dart slugs
  35 orcs
  2 endoplasms (D:1)
  4 giant cockroaches
  7 goblins
  9 hobgoblins
  3 quokkas
  9 ball pythons
  7 bats
  13 frilled lizards
  23 kobolds
  4 rats
236 creatures vanquished.

Vanquished Creatures (others)
  22 fulminant prisms
22 creatures vanquished.

Grand Total: 258 creatures vanquished

Notes
Turn   | Place    | Note
-------+----------+-------------------------------------------
     0 | D:1      | Moby the Draconian Conjurer began the quest for the Orb.
     0 | D:1      | Reached XP level 1. HP: 14/14 MP: 3/3
   396 | D:1      | Reached XP level 2. HP: 20/20 MP: 3/5
   789 | D:1      | Learned a level 2 spell: Searing Ray
  1096 | D:1      | Reached XP level 3. HP: 26/26 MP: 2/6
  1453 | D:2      | Found a broken altar of Ashenzari.
  1869 | D:2      | Reached XP level 4. HP: 33/33 MP: 2/8
  2034 | D:2      | Noticed Jessica
  2036 | D:2      | Killed Jessica
  2038 | D:2      | Noticed Sigmund
  2478 | D:3      | Learned a level 4 spell: Iskenderun's Mystic Blast
  2501 | D:3      | Noticed Terence
  2513 | D:3      | Killed Terence
  2514 | D:3      | Reached XP level 5. HP: 27/38 MP: 0/10
  2606 | D:3      | Reached skill level 5 in Conjurations
  2807 | D:3      | You fall into a shaft and drop 2 floors!
  2807 | D:5      | Entered Level 5 of the Dungeon
  2807 | D:5      | Found a sacrificial altar of Ru.
  2875 | D:6      | Reached skill level 1 in Translocations
  3079 | D:6      | HP: 1/38 [wight/+5 spear of freezing (1)]
  3081 | D:6      | Reached XP level 6. HP: 2/45 MP: 1/12
  3249 | D:6      | Noticed a sky beast
  3277 | D:5      | Killed a sky beast
  3278 | D:5      | Reached skill level 6 in Conjurations
  3461 | D:6      | Your scales start taking on a dull iron-grey colour.
  3461 | D:6      | Reached XP level 7. HP: 50/50 MP: 4/13
  3575 | D:6      | Reached skill level 7 in Conjurations
  3603 | D:6      | Noticed a steam dragon
  3613 | D:6      | Killed a steam dragon
  3990 | D:6      | Reached skill level 8 in Conjurations
  4188 | D:5      | Reached XP level 8. HP: 57/57 MP: 0/14
  4204 | D:5      | Reached skill level 9 in Conjurations
  4209 | D:5      | Learned a level 3 spell: Dazzling Flash
  4214 | D:5      | Learned a level 4 spell: Fulminant Prism
  4347 | D:5      | Reached skill level 1 in Hexes
  4463 | D:5      | Found a staircase to the Ecumenical Temple.
  4469 | Temple   | Entered the Ecumenical Temple
  4480 | Temple   | Became a worshipper of Vehumet
  4823 | D:3      | Reached * piety under Vehumet
  4823 | D:3      | Offered knowledge of Shock by Vehumet.
  5512 | D:2      | Killed Sigmund
  5753 | D:3      | Reached skill level 5 in Spellcasting
  6268 | D:4      | Offered knowledge of Kiss of Death by Vehumet.
  6269 | D:4      | Reached skill level 10 in Conjurations
  6534 | D:5      | Reached ** piety under Vehumet
  6678 | D:5      | Reached XP level 9. HP: 62/62 MP: 14/17
  7301 | D:5      | Noticed Edmund
  7312 | D:5      | Killed Edmund
  7476 | D:6      | Reached skill level 11 in Conjurations
  7479 | D:6      | Learned a level 2 spell: Momentum Strike
  7553 | D:6      | Noticed Grinder
  7573 | D:6      | Killed Grinder
  7795 | D:6      | Reached skill level 12 in Conjurations
  8071 | D:6      | Offered knowledge of Ignite Poison by Vehumet.
  8294 | D:6      | Identified the +1 buckler of Misanthropy {rElec rC- Slay+2}
  8363 | D:6      | Reached skill level 1 in Earth Magic
  8663 | D:7      | Noticed Joseph
  8675 | D:7      | Killed Joseph
  8676 | D:7      | Reached XP level 10. HP: 59/69 MP: 8/19
  8835 | D:7      | Reached *** piety under Vehumet
  9404 | D:7      | Found a shimmering altar of Xom.
  9404 | D:7      | Found a broken altar of Ashenzari.
  9894 | D:7      | Learned a level 2 spell: Poisonous Vapours
  9949 | D:7      | Learned a level 3 spell: Ignite Poison
 10196 | D:8      | Found Gegoofiq's Antique Weapon Boutique.
 10230 | D:8      | Reached skill level 5 in Earth Magic
 10291 | D:8      | Offered knowledge of Mephitic Cloud by Vehumet.
 10924 | D:8      | Found a staircase to the Lair.
 10942 | D:8      | Reached skill level 5 in Dodging
 11476 | D:8      | Noticed Maggie
 11477 | D:8      | Upgraded the game from 0.31-a0-237-g2d982f9f85 to
                  | 0.31-a0-246-g8cbcc1cb85
 11488 | D:8      | Killed Maggie
 11836 | D:8      | Found a burning altar of Makhleb.
 11863 | D:8      | Learned a level 3 spell: Mephitic Cloud
 12093 | D:8      | Demolished by a titanic slime creature

Illustrated notes

Levels and vault maps discovered:
D:1:      minmay_arrival_radiant_lines, layout_basic
D:2:      layout_rooms, basic_altar, minmay_liquid_box, uniq_jessica,
          uniq_sigmund
D:3:      layout_basic, chequers_serial_rivers_micro_b, minmay_lizard_king,
          uniq_terence
D:4:      layout_rooms, solitary_fountain
D:5:      cheibrodos_two_vegetables, layout_basic,
          nicolae_overflow_hidden_temple, minmay_temple_entry_enclosed_plants,
          uniq_edmund
D:6:      minmay_angry_zag, layout_loops_ring, uniq_grinder
D:7:      layout_basic, mainiacjoe_overflow_divided_tiny, serial_corexii_hall,
          chequers_hall_statues_corner_a, corexii_hall_statues_x,
          chequers_hall_statues_corner_a, chequers_hall_statues_y,
          nicolae_nh_ransacked_shop, uniq_joseph
D:8:      layout_loops_cross, nicolae_overflow_crystal_walls,
          minmay_lair_entry_grove, serial_shops, shop, dk_rats_in_the_wall,
          uniq_maggie
Temple:   nicolae_temple_x_marks_the_god

Skill      XL: |  1  2  3  4  5  6  7  8  9 10 |
---------------+-------------------------------+-----
Stealth        | 2 |  2.0
Dodging        | 2 3 5 |  5.0
Spellcasting   | 3 4 5 6 7 |  7.7
Conjurations   | 5 6 8 10 12 | 12.5
Translocations | 1 2 |  2.0
Hexes          | 1 2 |  2.0
Earth Magic    | 3 7 |  7.2

Action                     |  1- 3 |  4- 6 |  7- 9 | 10-12 || total
---------------------------+-------+-------+-------+-------++-------
  Melee: Unarmed           |    11 |     3 |       |       ||    14
         Spear             |       |       |    45 |    21 ||    66
         Tailslap          |       |       |     4 |     2 ||     6
   Cast: Magic Dart        |    76 |    79 |   256 |   109 ||   520
         Searing Ray       |     1 |     7 |    29 |    19 ||    56
         Iskenderun's Myst |       |       |    22 |    16 ||    38
         Dazzling Flash    |       |       |     2 |     1 ||     3
         Fulminant Prism   |       |       |    10 |    12 ||    22
         Poisonous Vapours |       |       |       |     5 ||     5
         Ignite Poison     |       |       |       |     4 ||     4
         Momentum Strike   |       |       |       |     2 ||     2
    Use: Potion            |       |       |     6 |     3 ||     9
         Scroll            |       |       |       |    17 ||    17
   Stab: Invisible         |       |       |       |     1 ||     1
 Armour: Skin              |    10 |     7 |    61 |    26 ||   104
  Dodge: Dodged            |    25 |    38 |   101 |    40 ||   204
  Block: Other             |       |       |    18 |    21 ||    39
         Reflection        |       |       |     3 |     3 ||     6

Table legend: (Time is in decaauts)
 A = Elapsed time spent in this place.
 B = Non-inter-level travel time spent in this place.
 C = Inter-level travel time spent in this place.
 D = Time resting spent in this place.
 E = Time spent auto-exploring this place.
 F = Levels seen in this place.
 G = Mean time per level.
                   A        B        C        D        E       F      G
               +--------+--------+--------+--------+--------+-----+--------+
         Total |  12128 |  11590 |    538 |   4207 |   5441 |   9 | 1347.6 |
       Dungeon |  12110 |  11577 |    533 |   4207 |   5441 |   8 | 1513.8 |
        Temple |     17 |     12 |      5 |      0 |      0 |   1 |   17.0 |
               +--------+--------+--------+--------+--------+-----+--------+

Top non-repeatable levels by time:
     D:7: 2215 daAuts
     D:6: 2150 daAuts
     D:5: 1694 daAuts
     D:3: 1477 daAuts
     D:1: 1471 daAuts
     D:8: 1360 daAuts
     D:2: 1104 daAuts
     D:4: 637 daAuts
  Temple: 17 daAuts
